 Dungeon Crawl Stone Soup version 0.31-a0-150-g89dc3ad700 (webtiles) character file.

Game seed: 4996458996034669483

478 qw the Skirmisher (level 6, -11/56 HPs)
             Began as a Minotaur Hunter on June 8, 2023.
             Was an Initiate of Okawaru.
             Mangled by a wraith (12 damage)
             ... on level 5 of the Dungeon.
             The game lasted 00:01:31 (3762 turns).

qw the Skirmisher (Minotaur Hunter)                 Turns: 3762, Time: 00:01:32

Health: -11/56     AC:  5    Str: 22    XL:     6   Next: 85%
Magic:  5/5        EV: 11    Int:  6    God:    Okawaru [......]
Gold:   237        SH:  0    Dex: 15    Spells: 5/5 levels left

rFire   . . .        Y - +0 shortbow
rCold   . . .        (shield currently unavailable)
rNeg    . . .        g - +0 ring mail
rPois   .            (helmet restricted)
rElec   .            (no cloak)
rCorr   .            (no gloves)
SInv    .            (no boots)
Will    .....        (no amulet)
Stlth   +            a - +6 ring of strength
HPRegen 0.29/turn    (no ring)
MPRegen 0.09/turn

%: no passive effects
@: slowed, very slow
A: horns 2, retaliatory headbutt
a: Renounce Religion


You were on level 5 of the Dungeon.
You worshipped Okawaru.
Okawaru was noncommittal.
You visited 2 branches of the dungeon, and saw 6 of its levels.
You also visited: Sewer.

You collected 237 gold pieces.


Innate Abilities, Weirdness & Mutations

You have a pair of horns on your head.
You reflexively headbutt those who attack you in melee.


   Skills:
 - Level 5.0 Fighting
 - Level 8.0 Ranged Weapons
 - Level 1.0 Armour
 + Level 2.1 Dodging
 - Level 0.7 Stealth


You had 5 spell levels left.
You didn't know any spells.
Your spell library was empty.

Inventory:

Hand Weapons
 Y - a +0 shortbow (weapon)
Armour
 g - a +0 ring mail (worn)
Jewellery
 a - a +6 ring of strength (left hand)
Scrolls
 d - a scroll of identify
 f - a scroll of enchant armour
Potions
 b - a potion of haste
 c - 2 potions of might
 e - 2 potions of curing
 h - a potion of cancellation {unknown}

Dungeon Overview and Level Annotations

Branches:
Dungeon (5/15)             Temple (1/1) D:4           Sewer (visited)

Altars:
Cheibriados
Dithmenos
Elyvilon
Fedhas
Gozag
Hepliaklqana
Makhleb
Nemelex Xobeh
Okawaru
Ru
Sif Muna
Trog
Uskayaw
Vehumet
Wu Jian
Xom
The Shining One

Shops:
D:5 [


Message History

The wraith barely misses you.
You shoot an arrow. The arrow hits the ice beast.
The ice beast is heavily wounded.
The dart slug bites you. The wraith barely misses you. You furiously retaliate!
You headbutt the wraith! The ice beast barely misses you.
You furiously retaliate!
You headbutt the ice beast! The dart slug bites you.
You shoot an arrow. The arrow closely misses the ice beast.
The arrow hits the two-headed ogre but does no damage.
You feel your willpower return. The wraith hits you!
The wraith drains your vigour!
You feel as though you will be slow longer.
The ice beast hits you but does no damage.
The wraith closely misses you. You furiously retaliate!
You headbutt the wraith, but do no damage.
The dart slug launches a dart at you.
The slug dart hits you but does no damage.
You shoot an arrow.
The arrow hits the wraith but does no damage.
The wraith is moderately damaged.
A hound comes into view.
The wraith hits you but does no damage. The two-headed ogre barely misses you.
You furiously retaliate!
You headbutt the two-headed ogre! The two-headed ogre closely misses you.
The dart slug launches a dart at you. The slug dart misses you.
The slug dart hits the two-headed ogre.
The hound moves out of view.
You shoot an arrow.
The arrow hits the two-headed ogre but does no damage.
The two-headed ogre is moderately wounded.
The wraith barely misses you. The two-headed ogre barely misses you.
You furiously retaliate!
You headbutt the two-headed ogre!
The two-headed ogre hits you with a +0 giant club!
The wraith hits you!
A phantom comes into view.
The dart slug launches a dart at you. The slug dart hits you.
You shoot an arrow. The arrow hits the two-headed ogre.
The two-headed ogre is heavily wounded.
The wraith hits you!
You die...

#... ...#...
#.\. ...)#..
#... ..../# .
#.>. ....#...
# #...
.).#...#
#.#####.......
#..........#
#..W##..#
##Jw@OY#
#####..# ..#
... .W. .. #


You could see a two-headed ogre, a wraith, an ice beast, a phantom, a jelly and
a dart slug.

Vanquished Creatures
  Pargi (Sewer)
  A scorpion (D:4)
  An orc priest (D:4)
  An iguana (D:4)
  2 orc wizards
  A statue (D:4)
  3 gnolls (D:3)
  8 adders
  An ufetubus (D:5)
  A worm (D:2)
  9 orcs
  8 endoplasms
  7 giant cockroaches
  3 goblins
  4 hobgoblins
  2 jackals (D:2)
  5 quokkas
  6 ball pythons
  7 bats
  6 frilled lizards
  10 kobolds
  4 rats
91 creatures vanquished.

Notes
Turn   | Place    | Note
-------+----------+-------------------------------------------
     0 | D:1      | qw the Minotaur Hunter began the quest for the Orb.
     0 | D:1      | Reached XP level 1. HP: 18/18 MP: 0/0
     0 | D:1      | 0 ||| qw: Version: 0.2-a-119-g7aa9181
     0 | D:1      | 0 ||| qw: Game counter: 2847
     0 | D:1      | 0 ||| qw: Always use a shield: true
     0 | D:1      | 0 ||| qw: God list: Okawaru
     0 | D:1      | 0 ||| qw: Allow faded altars: false
     0 | D:1      | 0 ||| qw: Do Orc after D:15 true
     0 | D:1      | 0 ||| qw: Do second Lair branch before Depths: true
     0 | D:1      | 0 ||| qw: Lair rune preference: random
     0 | D:1      | 0 ||| qw: Plans: Normal
     0 | D:1      | 0 ||| PLANNING D:1-11
   123 | D:1      | Reached XP level 2. HP: 25/25 MP: 1/1
   269 | D:1      | Reached skill level 5 in Ranged Weapons
   854 | D:1      | Reached skill level 3 in Fighting
   926 | D:1      | 926 ||| UPGRADING to +0 ring mail.
   936 | D:1      | 936 ||| DROPPING +0 leather armour.
   937 | D:1      | 937 ||| READING scroll labelled UCSAOTEUNAI.
   938 | D:1      | 938 ||| READING scroll labelled FULATADEYS.
   939 | D:1      | 939 ||| READING 2 scrolls labelled HUATEM OFUHORCH.
   940 | D:1      | 940 ||| DROPPING scroll of butterflies.
  1052 | D:2      | Reached skill level 1 in Armour
  1139 | D:2      | Reached XP level 3. HP: 31/31 MP: 2/2
  1391 | D:2      | Found a faded altar of an unknown god.
  1574 | D:2      | 1574 ||| UPGRADING to +6 ring of strength.
  1575 | D:2      | 1575 ||| READING scroll labelled WAVEPE ASHRASSA.
  1576 | D:2      | 1576 ||| DRINKING 2 green potions.
  1577 | D:2      | 1577 ||| DRINKING 2 ruby potions.
  1664 | D:3      | Reached XP level 4. HP: 38/38 MP: 3/3
  1718 | D:3      | Reached skill level 6 in Ranged Weapons
  1821 | D:3      | 1821 ||| FLEEEEING.
  1822 | D:3      | 1822 ||| FLEEEEING.
  1988 | D:3      | Reached XP level 5. HP: 46/46 MP: 4/4
  2087 | D:4      | 2087 ||| PLANNING SEWER
  2102 | D:4      | Found a radiant altar of Vehumet.
  2103 | D:4      | Noticed a frost-covered statue
  2110 | D:4      | Killed a frost-covered statue
  2204 | D:4      | Found a glowing drain.
  2205 | D:4      | 2205 ||| READING 2 scrolls of identify.
  2205 | D:4      | 2205 ||| IDENTIFYING inky potion
  2206 | D:4      | 2206 ||| DROPPING potion of berserk rage.
  2216 | Sewer    | Entered a sewer
  2241 | Sewer    | Noticed Pargi
  2248 | Sewer    | Killed Pargi
  2249 | Sewer    | Reached skill level 7 in Ranged Weapons
  2430 | Sewer    | 2430 ||| DRINKING 4 clear potions.
  2431 | Sewer    | 2431 ||| DROPPING 3 potions of magic.
  2447 | D:4      | 2447 ||| PLANNING D:1-11
  2457 | D:4      | Reached XP level 6. HP: 52/52 MP: 5/5
  2522 | D:4      | Found a staircase to the Ecumenical Temple.
  2523 | D:4      | 2523 ||| PLANNING TEMPLE
  2523 | D:4      | 2523 ||| READING scroll labelled ZUINODEFIU.
  2525 | D:4      | 2525 ||| Stepping ~*~*~tactically~*~*~ (cloud).
  2585 | Temple   | Entered the Ecumenical Temple
  2608 | Temple   | 2608 ||| PLANNING OKAWARU WORSHIP
  2851 | Temple   | Became a worshipper of Warmaster Okawaru
  2851 | Temple   | 2851 ||| PLANNING D:1-11
  2901 | D:4      | 2901 ||| FLEEEEING.
  2902 | D:4      | 2902 ||| FLEEEEING.
  2903 | D:4      | 2903 ||| FLEEEEING.
  2904 | D:4      | 2904 ||| FLEEEEING.
  2905 | D:4      | 2905 ||| FLEEEEING.
  2906 | D:4      | 2906 ||| FLEEEEING.
  2907 | D:4      | 2907 ||| FLEEEEING.
  2908 | D:4      | 2908 ||| FLEEEEING.
  2909 | D:4      | 2909 ||| FLEEEEING.
  2910 | D:4      | 2910 ||| FLEEEEING.
  2911 | D:4      | 2911 ||| FLEEEEING.
  2912 | D:4      | 2912 ||| FLEEEEING.
  2913 | D:4      | 2913 ||| FLEEEEING.
  2914 | D:4      | 2914 ||| FLEEEEING.
  2915 | D:4      | 2915 ||| FLEEEEING.
  2916 | D:4      | 2916 ||| FLEEEEING.
  2917 | D:4      | 2917 ||| FLEEEEING.
  2918 | D:4      | 2918 ||| FLEEEEING.
  2919 | D:4      | 2919 ||| FLEEEEING.
  2920 | D:4      | 2920 ||| FLEEEEING.
  2925 | D:4      | 2925 ||| FLEEEEING.
  2926 | D:4      | 2926 ||| FLEEEEING.
  2927 | D:4      | 2927 ||| FLEEEEING.
  2928 | D:4      | 2928 ||| FLEEEEING.
  2929 | D:4      | 2929 ||| FLEEEEING.
  2933 | D:4      | 2933 ||| FLEEEEING.
  2939 | D:4      | 2939 ||| FLEEEEING.
  3070 | D:4      | Found a burning altar of Makhleb.
  3244 | D:4      | Found an ornate altar of the Wu Jian Council.
  3279 | D:4      | Reached skill level 8 in Ranged Weapons
  3720 | D:4      | 3720 ||| READING scroll labelled YDUN ESEICHAKKY.
  3721 | D:4      | 3721 ||| READING scroll labelled IJEUCO KEETU.
  3726 | D:4      | 3726 ||| DRINKING 3 puce potions.
  3741 | D:5      | Entered Level 5 of the Dungeon
  3741 | D:5      | Found Uzxow's Antique Armour Shoppe.
  3742 | D:5      | 3742 ||| PLANNING OSSUARY
  3744 | D:5      | Noticed a wraith
  3754 | D:5      | Noticed an ice beast
  3756 | D:5      | Noticed a two-headed ogre
  3761 | D:5      | HP: 10/56 [two-headed ogre/+0 giant spiked club (14)]
  3761 | D:5      | HP: 3/56 [wraith (7)]
  3761 | D:5      | HP: 1/56 [dart slug/slug dart (2)]
  3762 | D:5      | Mangled by a wraith

Levels and vault maps discovered:
D:1:      spicycebolla_arrival_xxxplode, layout_basic,
          chequers_serial_rivers_marsh, kennysheep_decorative_pillar,
          minmay_misc_feat_alley
D:2:      layout_basic, hellmonk_ecumenical_altar_zigzags
D:3:      layout_basic
D:4:      layout_basic, mainiacjoe_overflow_six_doors_small,
          nzn_wu_jian_contemplation, vehumet_statue,
          minmay_temple_entry_enclosed_plants, cheibrodos_sewer_entry_drain
D:5:      cheibrodos_fzero, layout_loops_ring, serial_shops,
          nicolae_shop_behind_doors, nicolae_ossuary_entry_catacombs,
          nicolae_take_the_stairs
Temple:   minmay_temple_curvy_branch

Skill      XL: |  1  2  3  4  5  6 |
---------------+-------------------+-----
Ranged Weapons | 5 6 7 8 |  8.0
Fighting       | 3 4 5 |  5.0
Armour         | 1 |  1.0
Dodging        | |  2.1
Stealth        | |  0.7

Action                     |  1- 3 |  4- 6 || total
---------------------------+-------+-------++-------
   Fire: Shortbow          |   140 |   168 ||   308
    Use: Scroll            |     4 |     4 ||     8
         Potion            |     2 |     2 ||     4
 Armour: Leather armour    |     5 |       ||     5
         Ring mail         |     2 |    49 ||    51
  Dodge: Dodged            |    25 |    65 ||    90

Table legend:
 A = Non-vault XP
 B = Vault XP
 C = Vault XP percentage of total XP
 D = Non-vault monster count
 E = Vault monster count
 F = Vault count percentage of total count
                 A         B        C        D         E       F
            +---------+---------+-------+---------+---------+-------
      Total |     473 |     210 |  30.7 |      78 |      13 |  14.3
            +---------+---------+-------+---------+---------+-------
        D:1 |      29 |       0 |   0.0 |      19 |       0 |   0.0
        D:2 |      61 |       0 |   0.0 |      19 |       0 |   0.0
        D:3 |     110 |       0 |   0.0 |      21 |       0 |   0.0
        D:4 |     265 |      35 |  11.7 |      18 |       3 |  14.3
        D:5 |       8 |      36 |  81.8 |       1 |       2 |  66.7
      Sewer |       0 |     139 | 100.0 |       0 |       8 | 100.0
            +---------+---------+-------+---------+---------+-------
